 Dungeon Crawl Stone Soup version 0.19.0 (webtiles) character file.

28 edsrzf the Grave Robber (level 3, 0/24 HPs)
             Began as a Formicid Necromancer on Nov 19, 2016.
             Killed by nerve-wracking pain
             ... invoked by Jessica
              (10 damage)
             ... on level 2 of the Dungeon.
             The game lasted 00:02:38 (977 turns).

edsrzf the Grave Robber (Formicid Necromancer)       Turns: 977, Time: 00:02:39

Health: 0/24       AC:  2    Str: 12    XL:     3   Next: 27%
Magic:  0/7        EV: 12    Int: 15    God:
Gold:   10         SH:  0    Dex: 11    Spells: 3 memorised, 2 levels left

rFire  . . .     SeeInvis +     (no weapon)
rCold  . . .     Gourm    .     a - +0 robe
rNeg   . . .     Faith    .     (no shield)
rPois  .         Spirit   .     (helmet unavailable)
rElec  .         Reflect  .     (no cloak)
rCorr  .         Harm     .     (no gloves)
MR     .....                    (no boots)
Stlth  ++........               (no amulet)
                                (no ring)
                                (no ring)

@: no status effects
A: permanent stasis, dig shafts and tunnels, four strong arms, antennae 3
a: Dig, Shaft Self


You were on level 2 of the Dungeon.
You were not hungry.

You visited 1 branch of the dungeon, and saw 2 of its levels.

You collected 10 gold pieces.

Inventory:

Armour
 a - a +0 robe (worn)
Scrolls
 d - a scroll of magic mapping {unknown}
 e - a scroll of enchant armour {unknown}
Books
 b - a book of Necromancy
Comestibles
 c - 2 bread rations
 f - 4 chunks of flesh


   Skills:
 - Level 1.7 Dodging
 - Level 2.4 Stealth
 + Level 2.8 Spellcasting
 * Level 4.6 Necromancy


You had 2 spell levels left.
You knew the following spells:

 Your Spells              Type           Power        Failure   Level  Hunger
a - Animate Skeleton      Necr           N/A          3%          1    #......
r - Regeneration          Chrm/Necr      #.........   24%         3    ###....
X - Pain                  Necr           ###.         3%          1    #......


Dungeon Overview and Level Annotations

Branches:
Dungeon (2/15)

Altars:

Annotations:
D:2 Jessica


Innate Abilities, Weirdness & Mutations

You are under a permanent stasis effect.
You can dig through walls and to a lower floor.
Your four strong arms can wield two-handed weapons with a shield.
You have a pair of large antennae on your head. (SInv)


Message History

Casting: Pain
Confirm with . or Enter, or press ? or * to list all spells.
Aiming: Pain
Press: ? - help, Shift-Dir - straight line, f/p - jackal
Aim: a jackal (moderately wounded, chance to defeat MR: 85%)
The jackal writhes in agony!
Casting: Pain
Confirm with . or Enter, or press ? or * to list all spells.
Aiming: Pain
Press: ? - help, Shift-Dir - straight line, f/p - jackal
Aim: a jackal (heavily wounded, chance to defeat MR: 85%)
The jackal writhes in agony!
You kill the jackal!
You start resting.
You are feeling hungry.
You start resting.
A giant cockroach comes into view.
Casting: Pain
Confirm with . or Enter, or press ? or * to list all spells.
Aiming: Pain
Press: ? - help, Shift-Dir - straight line, f - giant cockroach
Aim: a giant cockroach (clinging, hasn't noticed you, chance to defeat MR: 85%)
The giant cockroach writhes in agony!
You kill the giant cockroach!
You see here a giant cockroach corpse.
You butcher the giant cockroach corpse.
f - 2 chunks of flesh Eat one of 2 chunks of flesh? (ye/n/q)
You start eating one of the 2 chunks of flesh.
This raw flesh tastes terrible.
You see here a jackal corpse.
Casting: Pain
Confirm with . or Enter, or press ? or * to list all spells.
You attempt to give life to the dead...
Before your eyes, flesh is ripped from the corpse!
The dead are walking!
f - 4 chunks of flesh (gained 3)
You swap places.
You see here a club.
The jackal barks!
Jessica shouts!
Jessica casts a spell.
Jessica seems to speed up.
Casting: Animate Skeleton
Confirm with . or Enter, or press ? or * to list all spells.
Aiming: Pain
Press: ? - help, Shift-Dir - straight line, f - jackal
Aim: a jackal (chance to defeat MR: 85%)
The jackal writhes in agony!
Casting: Pain
Confirm with . or Enter, or press ? or * to list all spells.
Aiming: Pain
Press: ? - help, Shift-Dir - straight line, f/p - jackal
Aim: a jackal (heavily wounded, chance to defeat MR: 85%)
The jackal writhes in agony!
You kill the jackal!
Jessica casts a spell at you.
Your stasis keeps you stable.
Casting: Pain
Confirm with . or Enter, or press ? or * to list all spells.
Aiming: Pain
Press: ? - help, Shift-Dir - straight line, f - Jessica
Aim: Jessica, wielding a club and wearing a robe (fast, chance to defeat MR: 80%) Jessica writhes in agony!
Your jackal skeleton completely misses Jessica.
Casting: Pain
Confirm with . or Enter, or press ? or * to list all spells.
Aiming: Pain
Press: ? - help, Shift-Dir - straight line, f/p - Jessica
Aim: Jessica, wielding a club and wearing a robe (moderately wounded, fast, chance to defeat MR: 80%) Jessica barely resists.
Your jackal skeleton barely misses Jessica.
Jessica closely misses you.
Unknown command.
You hit Jessica but do no damage.
Jessica is moderately wounded.
Your jackal skeleton barely misses Jessica.
Jessica points at you and mumbles some strange words.
Pain shoots through your body!
Your jackal skeleton bites Jessica but does no damage.
Jessica mumbles something strange.
Jessica casts a spell.
You aren't carrying any potions.
Okay, then.
Unknown command.
You aren't carrying any items that you can evoke.
Unknown command.
Okay, then.
Okay, then.
You extend your mandibles.
You dig through the rock wall.
You dig through the rock wall.
Jessica hits you but does no damage.
You retract your mandibles.
You hit Jessica but do no damage.
Jessica is moderately wounded.
Jessica closely misses you.
You closely miss Jessica.
Jessica is moderately wounded.
Jessica casts a spell at you. Pain shoots through your body!
You die...

..............#
##..#.##.#.##.# #
.#..#.##.#.##.##.#
.....†...#)......#
.#..####.#.##.##.#
.#......[#.......#
....#########.####
.#.... ####.#@##
.#.... #...Z{#@#
.....h. #...†.###
##.....# #.....#
.. {........# ##
###.....# #.#.###
.... .#.##


You could see Jessica.

Vanquished Creatures
  A dart slug (D:1)
  3 bats
  4 giant cockroaches
  2 goblins (D:1)
  5 hobgoblins
  3 jackals (D:2)
  3 kobolds (D:1)
  2 toadstools (D:1)
23 creatures vanquished.

Vanquished Creatures (others)
  2 toadstools (D:1)
2 creatures vanquished.

Grand Total: 25 creatures vanquished

Notes
Turn   | Place    | Note
-------+----------+-------------------------------------------
     0 | D:1      | edsrzf the Formicid Necromancer began the quest for the Orb.
     0 | D:1      | Reached XP level 1. HP: 13/13 MP: 3/3
   224 | D:2      | Reached XP level 2. HP: 5/19 MP: 0/5
   838 | D:2      | Reached XP level 3. HP: 21/24 MP: 2/7
   888 | D:2      | Learned a level 1 spell: Animate Skeleton
   892 | D:2      | Learned a level 3 spell: Regeneration
   913 | D:2      | Noticed Jessica
   977 | D:2      | Killed from afar by Jessica

Action                   || total
-------------------------++-------
Melee: Unarmed           ||    21
 Cast: Pain              ||    39
       Animate Skeleton  ||     1
 Abil: Dig               ||     1
  Eat: Chunk             ||     1
Armor: Robe              ||     5
Dodge: Dodged            ||    18
